 Dungeon Crawl Stone Soup version 0.29-a0-352-g0917bc69df (webtiles) character file.

Game seed: 14855595935648198670

548 croobank the Sneak (level 7, -4/45 HPs)
             Began as an Octopode Fire Elementalist on Apr 23, 2022.
             Was an Initiate of Gozag.
             Slain by an orc wizard
             ... wielding a +0 flail
              (6 damage)
             ... on level 4 of the Dungeon.
             The game lasted 00:15:21 (4544 turns).

croobank the Sneak (Octopode Fire Elementalist)     Turns: 4544, Time: 00:15:21

Health: -4/45      AC:  1    Str:  8    XL:     7   Next: 28%
Magic:  12/12      EV: 14    Int: 19    God:    Gozag
Gold:   377        SH:  0    Dex: 12    Spells: 2/12 levels left

rFire   . . .      SeeInvis .   a - +3 falchion (vamp)
rCold   . . .      Faith    .   (no shield)
rNeg    + . .      Spirit   .   (helmet restricted)
rPois   +          Reflect  .   e - amulet of magic regeneration
rElec   .          Harm     .   c - ring of poison resistance
rCorr   .          Rampage  .   h - ring of positive energy
Will    .....                   (no ring)
Stlth   ++........              (no ring)
HPRegen 0.15/turn               (no ring)
MPRegen 0.53/turn               (no ring)
                                (no ring)
                                (no ring)

@: confused, brilliant, attractive
A: almost no armour, amphibious, 8 rings, camouflage 1, gelatinous body 1,
(nimble swimmer 1), tentacles
a: Renounce Religion, Potion Petition, Call Merchant, Bribe Branch


You were on level 4 of the Dungeon.
You worshipped Gozag.
Gozag was aware of your devotion.
You visited 2 branches of the dungeon, and saw 6 of its levels.

You collected 468 gold pieces.
You paid 91 gold pieces to Gozag.

Inventory:

Hand Weapons
 a - a +3 vampiric falchion (weapon)
 b - a +0 hunting sling
 d - a +1 short sword
 o - a +0 short sword of distortion
 r - a +2 antimagic whip
 v - a +4 dagger
Missiles
 f - 154 stones
 g - 7 poisoned darts
 j - 5 boomerangs
Magical Staves
 n - a staff of poison
Jewellery
 c - a ring of poison resistance (left tentacle)
 e - an amulet of magic regeneration (around mantle)
 h - a ring of positive energy (right tentacle)
Scrolls
 l - 3 scrolls of enchant armour
 p - 2 scrolls of fog
Potions
 i - 2 potions of might
 m - 2 potions of brilliance
 q - a potion of degeneration {unknown}
 s - 2 potions of resistance {unknown}
 t - a potion of mutation {unknown}
 u - a potion of magic


   Skills:
 + Level 2.4 Fighting
 + Level 3.7 Dodging
 + Level 5.0 Stealth
 + Level 3.4 Spellcasting
 + Level 3.1 Conjurations
 + Level 4.2 Fire Magic


You had 2 spell levels left.
You knew the following spells:

 Your Spells              Type           Power      Damage    Failure   Level
a - Foxfire               Conj/Fire      100%       2x1d9     3%          1
b - Scorch                Fire           58%        2d7       3%          2
c - Flame Wave            Conj/Fire      25%        2d7       32%         4
d - Conjure Flame         Conj/Fire      25%        6-21      10%         3

Your spell library contained the following spells:

 Spells                   Type           Power      Damage    Failure   Level
 Inner Flame              Hex/Fire       17%        N/A       19%         3
 Summon Forest            Summ/Tloc      2%         N/A       99%         5
 Summon Mana Viper        Hex/Summ       4%         N/A       99%         5
 Summon Cactus Giant      Summ           2%         N/A       100%        6


Dungeon Overview and Level Annotations

Branches:
Dungeon (5/15)             Temple (1/1) D:4

Altars:
Ashenzari
Cheibriados
Elyvilon
Gozag
Kikubaaqudgha
Nemelex Xobeh
Okawaru
Ru
Sif Muna
Uskayaw
Vehumet
Wu Jian
Xom
Yredelemnul
Zin
Lugonu

Portals:
Abyss: D:4


Innate Abilities, Weirdness & Mutations

You cannot wear most types of armour.
You are amphibious.
You can wear up to eight rings at the same time.
Your skin changes colour to match your surroundings (Stealth+).
Your rubbery body absorbs attacks. (AC +1, EV +1)
((You are camouflaged when in or above water. (Stealth+)))
You have tentacles for arms and can constrict up to eight enemies at once.


Message History

The orc wizard flickers and vanishes!
The orc throws a stone.
The stone closely misses you.
The foxfire hits something but does no damage.
There is a stone staircase leading up here.
Something barely misses you. The orc hits you with a +0 flail.
Something hits you.
You climb upwards.
Reactivating autopickup.
Found an ancient bone altar of Kikubaaqudgha.
There is a stone staircase leading down here.
Deactivating autopickup; reactivate with Ctrl-A.
You closely miss something. Something hits you.
You hear some strange, mumbled words.
Something tries to affect you, but you resist.
The orc barely misses you.
You hit something.
You feel better.
Your squeeze misses something. Something hits you! Something hits you.
The orc closely misses you.
Casting: Foxfire (safe; 3% risk of failure)
Confirm with . or Enter, or press ? or * to list all spells.
Flames lash something.
You hear some strange, mumbled words.
You are confused.
Something hits you. The orc closely misses you.
You bump into the translucent rock wall.
Something hits you! Something hits you. The orc closely misses you.
An orc is nearby!
An orc is nearby!
Okay, then.
Okay, then.
It was a potion of attraction.
You feel attractive to monsters. Something completely misses you.
Something hits you.
* * * LOW HITPOINT WARNING * * *
The orc hits you with a +0 flail!
* * * LOW HITPOINT WARNING * * *
It was a potion of brilliance.
You feel clever all of a sudden. Something hits you.
You die...
Your body crumbles into a pile of gold.

#......#....# ....##.....#......
#......#....#_....._#.....#......
#......#....##.....##.....#......
#......'..[.##8...8##.....#......
##....####..##.....##....########
##########..#_....._#....###...##
............##.....##.........##§
............##8{{o8##..........##
............# ##@## #.........###
............#########....##.###..
##......##.........##....##.##.§§
##......##....##...##.......##.§§
'.......##....##'####.P.P...##...
#.......#............##.##..####.
#.......#............#...#..# #.
#.......#..............>....# #'
##.....###...###...#P#...#P.####)


You could see an orc.

Vanquished Creatures
  2 phantoms (D:4)
  A scorpion (D:4)
  2 hounds
  An orc priest (D:3)
  2 orc wizards (D:4)
  7 adders
  3 ufetubi
  2 worms
  4 dart slugs
  14 orcs
  6 ball pythons
  11 endoplasms
  8 goblins
  9 hobgoblins
  2 quokkas (D:2)
  7 bats
  4 frilled lizards
  17 kobolds
  6 rats
108 creatures vanquished.

Vanquished Creatures (collateral kills)
  A foxfire (D:4)
1 creature vanquished.

Vanquished Creatures (others)
  158 foxfires
  5 plants
163 creatures vanquished.

Grand Total: 272 creatures vanquished

Notes
Turn   | Place    | Note
-------+----------+-------------------------------------------
     0 | D:1      | croobank the Octopode Fire Elementalist began the quest for
                  | the Orb.
     0 | D:1      | Reached XP level 1. HP: 11/11 MP: 3/3
    80 | D:1      | Reached XP level 2. HP: 17/17 MP: 5/5
    97 | D:1      | Found a faded altar of an unknown god.
   131 | D:1      | Reached skill level 3 in Stealth
   183 | D:1      | Learned a level 2 spell: Scorch
   627 | D:1      | Reached XP level 3. HP: 21/21 MP: 3/6
  1013 | D:2      | Reached XP level 4. HP: 27/27 MP: 4/7
  1227 | D:2      | Learned a level 4 spell: Flame Wave
  1643 | D:3      | Reached skill level 1 in Fighting
  1802 | D:3      | Reached XP level 5. HP: 33/33 MP: 5/8
  2218 | D:3      | Reached skill level 4 in Stealth
  2525 | D:3      | Found a basalt altar of Yredelemnul.
  2677 | D:4      | Found an ornate altar of the Wu Jian Council.
  2700 | D:4      | Noticed a phantom
  2719 | D:4      | Killed a phantom
  2720 | D:4      | Reached XP level 6. HP: 37/39 MP: 2/10
  2780 | D:4      | Found a staircase to the Ecumenical Temple.
  2805 | Temple   | Entered the Ecumenical Temple
  2813 | Temple   | Became a worshipper of Gozag Ym Sagoz the Greedy
  2864 | D:4      | Found a sacrificial altar of Ru.
  2864 | D:4      | Found a broken altar of Ashenzari.
  2974 | D:4      | Learned a level 3 spell: Conjure Flame
  3077 | D:4      | Found a large runed translucent door.
  3082 | D:4      | Found a large runed translucent door.
  3082 | D:4      | Found a corrupted altar of Lugonu.
  3517 | D:4      | Found a one-way gate to the infinite horrors of the Abyss.
  3776 | D:4      | Reached XP level 7. HP: 45/45 MP: 6/11
  4217 | D:5      | Entered Level 5 of the Dungeon
  4217 | D:5      | Found a shimmering blue altar of Sif Muna.
  4217 | D:5      | Found a white marble altar of Elyvilon.
  4217 | D:5      | Found a snail-covered altar of Cheibriados.
  4225 | D:5      | Reached skill level 5 in Stealth
  4538 | D:4      | Found an ancient bone altar of Kikubaaqudgha.
  4543 | D:4      | HP: 2/45 [orc/+0 flail (10)]
  4544 | D:4      | Slain by an orc wizard

Illustrated notes

Levels and vault maps discovered:
D:1:      dpeg_arrival_rooms_with_view, layout_loops_ring,
          hellmonk_ecumenical_altar_heavens_door, serial_forest,
          infiniplex_forest_lined_3, infiniplex_forest_clump_C,
          infiniplex_forest_pool, infiniplex_forest_corner_1,
          infiniplex_forest_clump_medium, infiniplex_forest_end_1,
          infiniplex_forest_clump_tiny, infiniplex_forest_straight_2
D:2:      layout_basic, minmay_quadrilaterals
D:3:      layout_loops_cross, lemuel_coloured_pillars_altar, st_stairs_11
D:4:      due_chaos_kobolds, layout_gridville, nicolae_overflow_hidden_temple,
          minmay_temple_entry_gardened_gates, hangedman_decor_clover_reticule,
          st_stairs_14
D:5:      layout_basic, chequers_temple_overflow_statue_of_worship
Temple:   pdpol_scorched_temple

Skill      XL: |  1  2  3  4  5  6  7 |
---------------+----------------------+-----
Stealth        | 3 4 5 |  5.0
Conjurations   | 2 3 |  3.1
Fighting       | 1 2 |  2.4
Dodging        | 3 |  3.7
Spellcasting   | 3 |  3.4
Fire Magic     | 4 |  4.2

Action                   |  1- 3 |  4- 6 |  7- 9 || total
-------------------------+-------+-------+-------++-------
Melee: Short sword       |     5 |    22 |     2 ||    29
       Constrict         |     2 |     5 |     2 ||     9
       Tentacles         |       |     3 |     6 ||     9
       Falchion          |       |       |    10 ||    10
 Cast: Foxfire           |    31 |    57 |     8 ||    96
       Scorch            |    13 |    47 |     6 ||    66
  Use: Scroll            |     1 |    10 |     2 ||    13
       Potion            |       |     1 |     3 ||     4
 Stab: Sleeping          |     1 |     1 |       ||     2
Armor: Skin              |       |       |     1 ||     1
Dodge: Dodged            |     3 |    33 |    15 ||    51

Table legend: (Time is in decaauts)
 A = Elapsed time spent in this place.
 B = Non-inter-level travel time spent in this place.
 C = Inter-level travel time spent in this place.
 D = Time resting spent in this place.
 E = Time spent auto-exploring this place.
 F = Levels seen in this place.
 G = Mean time per level.
                   A        B        C        D        E       F      G
               +--------+--------+--------+--------+--------+-----+--------+
         Total |   4536 |   4336 |    200 |    789 |   2727 |   6 |  756.0 |
       Dungeon |   4519 |   4327 |    192 |    789 |   2727 |   5 |  903.8 |
        Temple |     16 |      8 |      8 |      0 |      0 |   1 |   16.0 |
               +--------+--------+--------+--------+--------+-----+--------+

Top non-repeatable levels by time:
     D:3: 1672 daAuts
     D:4: 1245 daAuts
     D:1: 753 daAuts
     D:2: 526 daAuts
     D:5: 322 daAuts
  Temple: 16 daAuts
